 Dungeon Crawl Stone Soup version 0.30.0-29-ga12c61a403 (webtiles) character file.

Game seed: 13601078485624402030

88 cheesebisquit the Magician (level 4, -6/34 HPs)
             Began as a Djinni Fire Elementalist on June 24, 2023.
             Mangled by a gnoll
             ... wielding a +0 whip
             ... led by a gnoll sergeant
              (7 damage)
             ... on level 3 of the Dungeon.
             The game lasted 00:06:33 (2158 turns).

cheesebisquit the Magician (DjFE)                   Turns: 2158, Time: 00:06:33

Health: -6/34      AC:  2    Str:  7    XL:     4   Next: 82%
Gold:   167        EV: 12    Int: 18    God:
                   SH:  0    Dex: 14

rFire   + + .        e - +0 dagger
rCold   x . .        (no shield)
rNeg    . . .        a - +0 robe
rPois   ∞            (no helmet)
rElec   .            (no cloak)
rCorr   +            (no gloves)
SInv    .            (boots unavailable)
Will    .....        (no amulet)
Stlth   ++           n - ring of resist corrosion
HPRegen 0.25/turn    (no ring)
MPRegen 0.00/turn

%: infuse magic (-7 HP)
@: flying
A: sickness immunity, fire resistance 2, cold vulnerability 1, float, innate
caster, HP casting, extra vitality 1
a: no special abilities


You were on level 3 of the Dungeon.
You visited 1 branch of the dungeon, and saw 3 of its levels.

You collected 167 gold pieces.

Inventory:

Hand Weapons
 e - a +0 dagger (weapon)
Armour
 a - a +0 robe (worn)
Jewellery
 n - a ring of resist corrosion (left hand)
Scrolls
 c - a scroll of fear {unknown}
 d - 2 scrolls of poison {unknown}
 f - a scroll of enchant weapon {unknown}
 h - 5 scrolls of identify {unknown}
 i - a scroll of fog {unknown}
Potions
 b - 2 potions of heal wounds {unknown}
 g - 2 potions of might {unknown}
 j - a potion of mutation {unknown}
 k - a potion of lignification {unknown}
 l - 2 potions of degeneration {unknown}
 m - a potion of attraction {unknown}


   Skills:
 + Level 2.7 Fighting
 - Level 2.1 Dodging
 - Level 1.5 Stealth
 + Level 3.3 Spellcasting


You knew the following spells:

 Your Spells              Type           Power      Damage    Failure   Level
a - Foxfire               Conj/Fire      56%        2x1d6     4%          1
b - Scorch                Fire           28%        2d6       6%          2
c - Volatile Blastmotes   Fire/Tloc      28%        2d12      12%         3
d - Inner Flame           Hex/Fire       14%        N/A       12%         3
e - Flame Wave            Conj/Fire      14%        2d6       38%         4
f - Freeze                Ice            56%        1d7       4%          1
Your spell library was empty.

Dungeon Overview and Level Annotations

Branches:
Dungeon (3/15)

Altars:


Innate Abilities, Weirdness & Mutations

You are immune to sickness and miasma.
You are immune to poison.
Your flesh is very heat resistant. (rF++)
You are vulnerable to cold. (rC-)
You float through the air rather than walking.
You learn spells naturally, not from books.
Your magical power is your life essence.
You have superior vitality. (+4 MHP)


Message History

The gnoll sergeant is heavily wounded.
The foxfire hits the gnoll sergeant.
The gnoll sergeant is burned terribly!
The gnoll sergeant is severely wounded.
The foxfire hits the gnoll sergeant but does no damage.
The gnoll sergeant is severely wounded.
The gnoll sergeant hits you from afar with a +0 spear.
You conjure some foxfire!
A ball python comes into view.
The gnoll sergeant completely misses you.
Casting: Foxfire (safe; 4% risk of failure)
Confirm with . or Enter, or press ? or * to list all spells.
Flames lash the gnoll sergeant.
The gnoll sergeant is burned terribly!
The gnoll sergeant is almost dead.
You hear a shout!
The foxfire hits the gnoll sergeant but does no damage.
The gnoll sergeant is almost dead.
The foxfire hits the gnoll sergeant but does no damage.
The gnoll sergeant is almost dead.
A rat comes into view.
The gnoll sergeant misses you.
You conjure some foxfire!
The gnoll sergeant hits you from afar with a +0 spear.
Casting: Foxfire (safe; 4% risk of failure)
Confirm with . or Enter, or press ? or * to list all spells.
Flames lash the rat.
You kill the rat!
You hear an angry hiss.
The foxfire hits the gnoll sergeant but does no damage.
The gnoll sergeant is almost dead.
The foxfire hits the gnoll sergeant.
The gnoll sergeant is burned terribly!
The gnoll sergeant is almost dead.
The gnoll sergeant hits you from afar with a +0 spear.
You are too injured to fight recklessly!
Casting: Foxfire (safe; 4% risk of failure)
Press: ? - help, Q - select action, (/) - cycle Dir - look around, f - activate You conjure some foxfire!
The gnoll sergeant hits you from afar with a +0 spear!
* * * LOW HITPOINT WARNING * * *
The gnoll hits you with a +0 whip!
You die...

.####....###############.#.
#.####....# #.#.
.........#### #...
######......# #..#
#......#############.).
#......#..............)
#......#.....♣ ♣..#####
#....v.#....♣ ♣♣ #
#.....@v...♣ # #......g..♣♣
.## #######g.♣♣ ♣... ##S♣
♣.#. #......g♣ ♣...
#.g.....♣ ♣... #.......♣
♣... #.......♣ ♣...
#.g...... ....


You could see a gnoll sergeant (combustible), 2 gnolls and a ball python.

Vanquished Creatures
  3 adders (D:3)
  2 dart slugs
  4 orcs (D:3)
  3 ball pythons
  6 endoplasms
  A giant cockroach (D:1)
  4 goblins
  4 hobgoblins
  3 kobolds
  3 quokkas
  6 bats
  6 frilled lizards
  7 rats
52 creatures vanquished.

Vanquished Creatures (others)
  107 foxfires
107 creatures vanquished.

Grand Total: 159 creatures vanquished

Notes
Turn   | Place    | Note
-------+----------+-------------------------------------------
     0 | D:1      | cheesebisquit the Djinni Fire Elementalist began the quest
                  | for the Orb.
     0 | D:1      | cheesebisquit set off with the following spells memorised:
                  | Foxfire, Scorch, Volatile Blastmotes, Inner Flame, Flame
                  | Wave.
     0 | D:1      | Reached XP level 1. HP: 15/15 MP: 0/0
   122 | D:1      | Reached skill level 1 in Fighting
   122 | D:1      | Reached XP level 2. HP: 21/22 MP: 0/0
   479 | D:1      | Reached XP level 3. HP: 26/27 MP: 0/0
   479 | D:1      | Learned a level 1 spell: Freeze
  1436 | D:2      | Reached skill level 3 in Spellcasting
  1553 | D:3      | Reached XP level 4. HP: 31/33 MP: 0/0
  2143 | D:3      | Noticed a gnoll sergeant
  2158 | D:3      | HP: 1/34 [gnoll sergeant/+0 spear (10)]
  2158 | D:3      | Mangled by a gnoll

Illustrated notes

Levels and vault maps discovered:
D:1:      saegor_arrival_under_anarchy, layout_loops_ring
D:2:      layout_basic
D:3:      layout_basic, dilly_ecumenical_altar_fadedgnrine,
          portal_sewer_entry_a, minmay_fractal_squares_gapless_5

Skill      XL: |  1  2  3 |
---------------+----------+-----
Fighting       | 1 2 |  2.7
Spellcasting   | 3 |  3.3
Dodging        | |  2.1
Stealth        | |  1.5

Action                     |  1- 3 |  4- 6 || total
---------------------------+-------+-------++-------
  Melee: Unarmed           |     3 |       ||     3
         Dagger            |     8 |       ||     8
   Cast: Foxfire           |    42 |    25 ||    67
         Scorch            |     1 |    12 ||    13
 Armour: Robe              |     1 |     2 ||     3
  Dodge: Dodged            |     9 |     8 ||    17
